 Dungeon Crawl Stone Soup version 0.20.1-1-g8b1a95d (webtiles) character file.

65 leglesslizard the Skirmisher (level 3, -3/55 HPs)
             Began as a Troll Berserker on Oct 29, 2017.
             Was a Follower of Trog.
             Slain by a gnoll
             ... wielding a +0 spear
              (7 damage)
             ... on level 3 of the Dungeon.
             The game lasted 00:07:55 (391 turns).

leglesslizard the Skirmisher (Troll Berserker)       Turns: 391, Time: 00:07:56

Health: -3/55      AC:  5    Str: 31      XL:     3   Next: 94%
Magic:  2/2        EV:  9    Int:  3      God:    Trog [*.....]
Gold:   52         SH:  0    Dex:  3 (9)  Spells: 2/2 levels left

rFire    . . .     SeeInvis .   j - +0 flail
rCold    . . .     Gourm    +   (no shield)
rNeg     . . .     Faith    .   b - +0 animal skin
rPois    .         Spirit   .   (helmet restricted)
rElec    .         Reflect  .   (no cloak)
rCorr    .         Harm     .   (gloves unavailable)
MR       .....                  (boots unavailable)
Stlth    ..........             (no amulet)
Regen    0.6/turn               (no ring)
MPRegen  0.1/turn               (no ring)

@: berserking (expiring), very quick
A: unfitting armour, claws 3, fast metabolism 3, gourmand, regeneration 1,
shaggy fur 1, tough skin 2
a: Berserk, Burn Spellbooks, Renounce Religion


You were on level 3 of the Dungeon.
You worshipped Trog.
Trog was aware of your devotion.
You were not hungry.

You visited 1 branch of the dungeon, and saw 3 of its levels.

You collected 52 gold pieces.

Inventory:

Hand Weapons
 a - a +1 hand axe
 j - a +0 flail (weapon)
Armour
 b - a +0 animal skin (worn)
 d - a +0 leather armour
 e - a +0 pair of boots
 l - a +0 plate armour
Scrolls
 g - a scroll of blinking
 h - a scroll of amnesia
 i - a scroll of fog
Comestibles
 c - 2 bread rations
 f - a meat ration


   Skills:
 + Level 3.2 Fighting
 + Level 3.0 Axes
 + Level 0.1(2.0) Maces & Flails
 + Level 2.8 Dodging


You had 2 spell levels left.
You didn't know any spells.

Dungeon Overview and Level Annotations

Branches:
Dungeon (3/15)

Altars:
Gozag
Uskayaw


Innate Abilities, Weirdness & Mutations

You are too large for most types of armour.
You have claws for hands.
Your metabolism is lightning-fast.
You like to eat raw meat.
Your natural rate of healing is unusually fast.
You are covered in fur. (AC +1)
You have very tough skin. (AC +2)


Message History

You feel yourself moving faster!
You feel mighty!
You feel a lot more hungry. The gnoll hits you but does no damage.
The gnoll hits you with a spear!
* * * LOW HITPOINT WARNING * * *
You feel a strong urge to attack something.
You see here a halberd.
You sock the gnoll!
The gnoll is almost dead.
The gnoll closely misses you. The gnoll hits you but does no damage.
You sock the gnoll!
You kill the gnoll!
Trog accepts your kill.
Your Axes skill increases to level 3!
The gnoll hits you with a spear.
* * * LOW HITPOINT WARNING * * *
The gnoll hits you with a spear.
* * * LOW HITPOINT WARNING * * *
You see here a spear.
You feel a strong urge to attack something.
The gnoll hits you with a spear!
You die...

# #.........###.# #
#.........#♣._## ## #
##........'...8# .#
##.....###♣._##..#
#.......###.#...#
###....>...####...#
.###..........#......#
..............#......#
#..##.......)@......#
#.......g.#######
...###........##
##...........#
..............#
...####.......... ..
#.......... .
#..........#
...........#


You could see a gnoll.

Vanquished Creatures
  A quasit (D:3)
  2 gnolls (D:3)
  An orc (D:3)
  3 goblins
  2 hobgoblins
  2 bats (D:2)
  A frilled lizard (D:3)
  A kobold (D:1)
  2 rats (D:1)
15 creatures vanquished.

Notes
Turn   | Place    | Note
-------+----------+-------------------------------------------
     0 | D:1      | leglesslizard the Troll Berserker began the quest for the Orb.
     0 | D:1      | Reached XP level 1. HP: 22/22 MP: 0/0
   237 | D:3      | Reached XP level 2. HP: 29/29 MP: 1/1
   275 | D:3      | Reached XP level 3. HP: 36/36 MP: 2/2
   354 | D:3      | Found a hide-covered altar of Uskayaw.
   354 | D:3      | Found an opulent altar of Gozag.
   391 | D:3      | Slain by a gnoll

Skill      XL: |  1  2  3 |
---------------+----------+-----
Fighting       | 3 |  3.2
Axes           | 3 |  3.0
Maces & Flails | |  0.1
Dodging        | |  2.8

Action                   || total
-------------------------++-------
Melee: Hand axe          ||    54
       Flail             ||     3
Invok: Berserk           ||     2
  Use: Scroll            ||     5
       Potion            ||     2
 Stab: Sleeping          ||     1
  Eat: Bread ration      ||     1
Armor: Animal skin       ||    61
Dodge: Dodged            ||    67
